 Dungeon Crawl Stone Soup version 0.29.1-15-g9cfb28693d (webtiles) character file.

Game seed: 13617320253677946025

0 javelincjr the Trooper (level 1, -8/18 HPs)
             Began as a Demonspawn Abyssal Knight on Mar 23, 2023.
             Was a Believer of Lugonu.
             Killed from afar by a smoke demon (23 damage)
             ... with a ball of steam
             ... on level 4 of the Abyss.
             The game lasted 00:02:57 (248 turns).

javelincjr the Trooper (Demonspawn Abyssal Knight)   Turns: 248, Time: 00:02:57

Health: -8/18      AC:  1    Str: 13      XL:     1   Next: 0%
Magic:  2/2        EV: 11    Int:  8 (11) God:    Lugonu [**....]
Gold:   0          SH:  0    Dex: 13      Spells: 0/0 levels left

rFire   . . .      SeeInvis .   a - +1 hand axe
rCold   . . .      Faith    .   (no shield)
rNeg    . . .      Spirit   .   b - +0 leather armour
rPois   .          Reflect  .   (no helmet)
rElec   .          Harm     .   (no cloak)
rCorr   .          Rampage  .   (no gloves)
Will    .....                   (no boots)
Stlth   +.........              (no amulet)
HPRegen 0.06/turn               (no ring)
MPRegen 0.08/turn               (no ring)

@: no status effects
A: deformed body, low MP 2
a: Renounce Religion, Depart the Abyss, Bend Space


You were on level 4 of the Abyss.
You worshipped Lugonu.
Lugonu was pleased with you.
You visited 0 branches of the dungeon, and saw 0 of its levels.
You visited the Abyss 1 time.

Inventory:

Hand Weapons
 a - a +1 hand axe (weapon)
Armour
 b - a +0 leather armour (worn)


   Skills:
 + Level 3.0 Fighting
 + Level 1.7 Axes
 + Level 1.7 Armour
 + Level 0.8 Dodging
 + Level 2.4 Invocations


You couldn't memorise any spells.
You didn't know any spells.
Your spell library was empty.

Dungeon Overview and Level Annotations

Branches:
Dungeon (0/15)

Altars:


Innate Abilities, Weirdness & Mutations

Armour fits poorly on your strangely shaped body.
Your magical capacity is very low. (-20% MP)


Message History

A neqoxec comes into view.
Found a runelight.
There is a runelight here.
The neqoxec shouts!
The neqoxec gestures at you.
You feel dopey. Something feeds on your intellect! The neqoxec gestures at you.
Strange energies course through your body.
You feel less energetic. The neqoxec gestures at you.
Something tries to feed on your intellect!
Found a runelight.
The neqoxec gestures at you.
Strange energies course through your body.
Your body twists and deforms.
Found a runelight.
The neqoxec gestures at you.
Strange energies course through your body.
There is a runelight here.
The neqoxec gestures at you.
Strange energies course through your body.
You feel less energetic.
There is a runelight here.
Found two runelights.
Found a runelight.
There is a runelight here.
There is a runelight here.
The abyss shimmers again as the detected abyssal rune vanishes from your memory and reappears.
The neqoxec gestures at you.
Something tries to feed on your intellect!
A chaos spawn comes into view.
The chaos spawn croaks.
A sun demon comes into view.
A smoke demon comes into view.
The smoke demon roars!
The sun demon shouts!
The smoke demon gestures at you. The ball of steam hits you!!
Ouch! That really hurt!
You die...

#######...##
#.#.. #..# ⌠ .⌠
. #.# # ###..
##... .
.##.3...##
...#.##.#.######
..#.##.#
#3#....# .... #
##.....# ###
#..#@.# #
#4..§..#
#..#..§.##
#.#...#.## #.
...3... .
#.##...## ##
#.3.# ##..


You could see a sun demon, a neqoxec and a chaos spawn.

Vanquished Creatures (others)
  4 starspawn tentacles (Abyss:2)
4 creatures vanquished.

Notes
Turn   | Place    | Note
-------+----------+-------------------------------------------
     0 | Abyss:1  | javelincjr the Demonspawn Abyssal Knight began the quest
                  | for the Orb.
     0 | Abyss:1  | Reached XP level 1. HP: 18/18 MP: 2/2
    15 | Abyss:1  | Found a corrupted altar of Lugonu.
   108 | Abyss:2  | Noticed a small abomination
   109 | Abyss:2  | Noticed a tentacled starspawn
   167 | Abyss:3  | Noticed a small abomination
   169 | Abyss:3  | Found a corrupted altar of Lugonu.
   181 | Abyss:3  | Noticed a starcursed mass
   190 | Abyss:3  | Noticed an ancient zyme
   202 | Abyss:4  | Noticed a neqoxec
   214 | Abyss:4  | Gained mutation: Your magical capacity is low. (-10% MP) [a
                  | neqoxec]
   217 | Abyss:4  | Gained mutation: Armour fits poorly on your strangely
                  | shaped body. [a neqoxec]
   223 | Abyss:4  | Gained mutation: Your magical capacity is very low. (-20%
                  | MP) [a neqoxec]
   244 | Abyss:4  | Noticed a chaos spawn
   246 | Abyss:4  | Noticed a sun demon
   248 | Abyss:4  | Noticed a smoke demon
   248 | Abyss:4  | Killed from afar by a smoke demon

Illustrated notes

Levels and vault maps discovered:
Abyss:4:  base: Temple, hangedman_abyss_rune_flesh_and_stone,
          hangedman_abyss_rune_flesh_and_stone, spicy_abyss_rude_harpoons,
          hangedman_stitches_earthworm

Action                   || total
-------------------------++-------
Dodge: Dodged            ||     3
